 Dungeon Crawl Stone Soup version 0.31-a0-237-g2d982f9f85 (webtiles) character file.

Game seed: 3584209679033277130

113 qw the Shooter (level 4, -1/26 HPs)
             Began as a Gargoyle Hexslinger on July 11, 2023.
             Slain by a hobgoblin (4 damage)
             ... led by Robin
             ... on level 3 of the Dungeon.
             The game lasted 00:01:02 (1521 turns).

qw the Shooter (Gargoyle Hexslinger)                Turns: 1521, Time: 00:01:03

Health: -1/26      AC:  9    Str: 12    XL:     4   Next: 96%
Magic:  5/5        EV: 10    Int: 13    God:
Gold:   61         SH:  0    Dex: 14    Spells: 4/5 levels left

rFire   . . .        Y - +2 sling
rCold   . . .        (no shield)
rNeg    + . .        i - +0 ring mail
rPois   inf          (no helmet)
rElec   +            (no cloak)
rCorr   .            (no gloves)
SInv    .            f - +0 pair of boots
Will    .....        (no amulet)
Stlth   +            (no ring)
HPRegen 0.24/turn    (no ring)
MPRegen 0.09/turn

%: no passive effects
@: no status effects
A: sickness immunity, AC +3, negative energy resistance 1, electricity
resistance, torment resistance 1, petrification resistance
a: no special abilities


You were on level 3 of the Dungeon.
You visited 1 branch of the dungeon, and saw 3 of its levels.

You collected 61 gold pieces.


Innate Abilities, Weirdness & Mutations

You are immune to sickness and miasma.
Your stone body is resilient. (AC +3)
You are immune to poison.
You resist negative energy. (rN+)
You are resistant to electric shocks. (rElec)
You are resistant to unholy torment.
You are immune to petrification.


   Skills:
 - Level 2.1 Fighting
 + Level 4.3 Ranged Weapons
 - Level 1.2 Armour
 - Level 1.5 Dodging
 - Level 1.0 Spellcasting
 - Level 2.6 Hexes


You had 4 spell levels left.
You knew the following spells:

 Your Spells              Type           Power      Damage    Failure   Level
a - Slow                  Hex            28%        N/A       22%         1

Your spell library contained the following spells:

 Spells                   Type           Power      Damage    Failure   Level
 Inner Flame              Hex/Fire       4%         N/A       73%         3
 Portal Projectile        Hex/Tloc       8%         N/A       73%         3
 Cause Fear               Hex            3%         N/A       91%         4

Inventory:

Hand Weapons
 Y - a +2 sling (weapon)
Armour
 f - a +0 pair of boots (worn)
 i - a +0 ring mail (worn)
Scrolls
 a - a scroll of enchant armour {unknown}
 h - a scroll of identify
Potions
 b - a potion of enlightenment {unknown}
 g - a potion of curing
 j - a potion of might {unknown}

Dungeon Overview and Level Annotations

Branches:
Dungeon (3/15)

Altars:


Message History

The hobgoblin closely misses you. The hobgoblin hits you.
The goblin hits you but does no damage.
A goblin comes into view. It is wielding a +0 dagger.
The goblin barely misses you. The goblin hits you with a +0 dagger.
The goblin closely misses you. The hobgoblin barely misses you.
The goblin hits you but does no damage.
The hobgoblin hits you but does no damage.
The goblin barely misses you.
You shoot a sling bullet.
The sling bullet barely misses the hobgoblin.
The goblin no longer looks unusually strong.
The hobgoblin hits you but does no damage.
The hobgoblin closely misses you.
The goblin hits you with a +0 dagger. x2
The goblin misses you.
You shoot a sling bullet. The sling bullet hits the hobgoblin!
You kill the hobgoblin!
The goblin no longer looks unusually strong.
The hobgoblin hits you but does no damage.
The goblin closely misses you. The goblin hits you but does no damage.
The goblin hits you with a +0 club.
You shoot a sling bullet.
The sling bullet hits the goblin but does no damage.
The goblin no longer looks unusually strong.
The hobgoblin closely misses you. The goblin hits you with a +0 dagger.
The goblin barely misses you.
The goblin hits you but does no damage. x4
The hobgoblin hits you. The goblin hits you but does no damage.
The goblin closely misses you.
You shoot a sling bullet. The sling bullet hits the goblin!
You kill the goblin!
The goblin hits you but does no damage.
The hobgoblin hits you but does no damage.
The goblin hits you but does no damage. x2
You shoot a sling bullet.
The sling bullet closely misses the hobgoblin.
The goblin hits you with a +0 club. The goblin hits you but does no damage.
The hobgoblin misses you. The goblin hits you with a +0 dagger.
You shoot a sling bullet. The sling bullet hits the hobgoblin.
The hobgoblin is heavily wounded.
The goblin hits you but does no damage. The hobgoblin hits you.
You die...

#..# #..# #..### #
#....#.#
..######....#.#..##.
....................
....###.....###..#..
. ##..gg)...$...
#..g@g.#.. #.####.#
#.## .# ..# g. #.#
##g #. ## #


You could see a hobgoblin and 3 goblins.

Vanquished Creatures
  An orc priest (D:2)
  Robin (D:3)
  2 adders (D:2)
  2 dart slugs (D:1)
  3 orcs (D:2)
  5 endoplasms
  3 giant cockroaches
  8 goblins
  3 hobgoblins
  4 jackals (D:2)
  3 kobolds
  2 quokkas (D:2)
  3 bats (D:2)
  2 frilled lizards (D:1)
  2 rats
44 creatures vanquished.

Notes
Turn   | Place    | Note
-------+----------+-------------------------------------------
     0 | D:1      | qw the Gargoyle Hexslinger began the quest for the Orb.
     0 | D:1      | Reached XP level 1. HP: 12/12 MP: 2/2
     0 | D:1      | 0 ||| qw: Version: 0.3-a-52-g30416fa
     0 | D:1      | 0 ||| qw: Game counter: 5754
     0 | D:1      | 0 ||| qw: Melee chars always use a shield: true
     0 | D:1      | 0 ||| qw: God list: Okawaru
     0 | D:1      | 0 ||| qw: Allow faded altars: false
     0 | D:1      | 0 ||| qw: Do Orc after clearing Dungeon:15 true
     0 | D:1      | 0 ||| qw: Do second Lair branch before Depths: true
     0 | D:1      | 0 ||| qw: Lair rune preference: random
     0 | D:1      | 0 ||| qw: Goals: Normal
     0 | D:1      | 0 ||| PLANNING D:1-11
   191 | D:1      | Reached XP level 2. HP: 16/16 MP: 3/3
   339 | D:1      | Reached skill level 3 in Ranged Weapons
   475 | D:1      | 475 ||| READING scroll labelled VIUNEVU ASUF.
   476 | D:1      | 476 ||| READING scroll labelled INNUCO VAHE.
   477 | D:1      | 477 ||| READING scroll labelled GOCZEL OQEIQIO.
   480 | D:1      | 480 ||| DRINKING 3 amethyst potions.
   481 | D:1      | 481 ||| DROPPING scroll of poison.
   510 | D:2      | 510 ||| STAIRDANCE
   592 | D:2      | HP: 4/16 [adder (3)]
   593 | D:2      | 593 ||| DRINKING 2 potions of heal wounds.
   597 | D:2      | Reached XP level 3. HP: 15/21 MP: 4/4
  1219 | D:2      | Identified the staff of Anger {rPois Conj Poison}
  1285 | D:2      | Reached XP level 4. HP: 25/26 MP: 5/5
  1405 | D:2      | Reached skill level 4 in Ranged Weapons
  1454 | D:2      | 1454 ||| UPGRADING to +0 pair of boots.
  1459 | D:2      | 1459 ||| UPGRADING to +0 ring mail.
  1469 | D:2      | 1469 ||| DROPPING +0 robe.
  1470 | D:2      | 1470 ||| DROPPING amulet of magic regeneration.
  1471 | D:2      | 1471 ||| READING scroll labelled DIOCAGHUIFU.
  1472 | D:2      | 1472 ||| READING 2 scrolls labelled QUV LUMIUTH.
  1473 | D:2      | 1473 ||| DRINKING 2 blue potions.
  1494 | D:3      | Noticed Robin
  1496 | D:3      | 1496 ||| Stepping ~*~*~tactically~*~*~ (outnumbered).
  1511 | D:3      | Killed Robin
  1512 | D:3      | Reached skill level 1 in Armour
  1513 | D:3      | HP: 5/26 [goblin/+0 dagger[Robin] (3)]
  1514 | D:3      | 1514 ||| DRINKING potion of heal wounds.
  1520 | D:3      | HP: 3/26 [goblin/+0 club[Robin] (4)]
  1521 | D:3      | Slain by a hobgoblin

Levels and vault maps discovered:
D:1:      dpeg_arrival_rooms_a, layout_basic
D:2:      cheibrodos_pilgrimage, layout_loops_ring
D:3:      layout_loops_ring, mainiacjoe_overflow_alcove_4, fedhas_altar_4,
          grunt_dithmenos_smoke_and_mirrors, general_overflow_altar,
          serial_shops, shop, st_stairs_1, uniq_robin

Skill      XL: |  1  2  3  4 |
---------------+-------------+-----
Ranged Weapons | 3 4 |  4.3
Fighting       | 2 |  2.1
Armour         | 1 |  1.2
Dodging        | |  1.5
Spellcasting   | |  1.0
Hexes          | |  2.6

Action                     |  1- 3 |  4- 6 || total
---------------------------+-------+-------++-------
   Fire: Sling             |   129 |    39 ||   168
    Use: Scroll            |     3 |     2 ||     5
         Potion            |     2 |     2 ||     4
 Armour: Robe              |    28 |       ||    28
         Ring mail         |       |    53 ||    53
  Dodge: Dodged            |    46 |    50 ||    96

Table legend:
 A = Non-vault XP
 B = Vault XP
 C = Vault XP percentage of total XP
 D = Non-vault monster count
 E = Vault monster count
 F = Vault count percentage of total count
                 A         B        C        D         E       F
            +---------+---------+-------+---------+---------+-------
      Total |      85 |      77 |  47.5 |      33 |      11 |  25.0
            +---------+---------+-------+---------+---------+-------
        D:1 |      23 |       0 |   0.0 |      11 |       0 |   0.0
        D:2 |      60 |      50 |  45.5 |      21 |       4 |  16.0
        D:3 |       2 |      27 |  93.1 |       1 |       7 |  87.5
            +---------+---------+-------+---------+---------+-------
